 Dungeon Crawl Stone Soup version 0.29-a0-838-g385bb11a5b (webtiles) character file.

Game seed: 8897551386731462229

76760 wilfster70 the Severer (level 15, -5/125 HPs)
             Began as a Minotaur Fighter on July 12, 2022.
             Was the Champion of Hepliaklqana.
             Shot with an arrow by Nessos (15 damage)
             ... on level 2 of the Orcish Mines on July 13, 2022.
             The game lasted 00:42:54 (17464 turns).

wilfster70 the Severer (Minotaur Fighter)          Turns: 17464, Time: 00:42:54

Health: -5/125     AC: 23    Str: 22    XL:     15   Next: 13%
Magic:  22/22      EV: 10    Int: 15    God:    Hepliaklqana [******]
Gold:   1727       SH:  5    Dex: 10    Spells: 9/14 levels left

rFire   + . .      SeeInvis .   a - +6 broad axe (elec)
rCold   + + .      Faith    .   P - +0 buckler {rC+}
rNeg    . . .      Spirit   .   f - +0 plate armour
rPois   +          Reflect  .   (helmet restricted)
rElec   .          Harm     .   L - +1 cloak
rCorr   .          Rampage  +   g - +2 pair of gloves
Will    +....                   c - +1 pair of boots {rampage}
Stlth   ..........              j - amulet of regeneration
HPRegen 1.10/turn               B - ring of poison resistance
MPRegen 0.18/turn               m - ring of Kamoiwy {rF+ rC+ Int+4}

@: on berserk cooldown, slowed, studying 3 skills, very slow
A: reduced essence, horns 2, retaliatory headbutt
a: Renounce Religion, Recall Ancestor, Ancestor Identity, Transference, Idealise


You were on level 2 of the Orcish Mines.
You worshipped Hepliaklqana.
Hepliaklqana was exalted by your worship.
You visited 3 branches of the dungeon, and saw 20 of its levels.
You also visited: Ossuary and Bailey.

You collected 1967 gold pieces.
You spent 240 gold pieces at shops.

Inventory:

Hand Weapons
 a - a +6 broad axe of electrocution (weapon)
 b - a +1 demon whip of electrocution
 k - the +8 sling of Risukash {freeze, Dex+2}
   (You found it in a bailey)

   Any ammunition fired from it freezes those it strikes, dealing additional
   cold damage.
   It can also slow down cold-blooded creatures.
   Dex:       It affects your dexterity (+2).
Missiles
 p - 4 javelins (quivered)
 u - 48 poisoned darts
 K - 2 curare-tipped darts
 T - 3 throwing nets
Armour
 c - a +1 pair of boots of rampaging (worn)
 f - a +0 plate armour (worn)
 g - a +2 pair of gloves (worn)
 L - a +1 cloak (worn)
 P - a +0 buckler of cold resistance (worn)
Jewellery
 h - the ring of Matibag {rElec EV+4 Int-4 Dex+7}
   (You acquired it on level 1 of the Dungeon)

   [ring of evasion]

   EV:        It affects your evasion (+4).
   Int:       It affects your intelligence (-4).
   Dex:       It affects your dexterity (+7).
   rElec:     It insulates you from electricity.
 j - an amulet of regeneration (around neck)
 m - the ring of Kamoiwy (right hand) {rF+ rC+ Int+4}
   (You acquired it on level 3 of the Dungeon)

   [ring of protection from cold]

   Int:       It affects your intelligence (+4).
   rF:        It protects you from fire.
   rC:        It protects you from cold.
 n - a +4 ring of protection
 q - a ring of ice
 B - a ring of poison resistance (left hand)
Wands
 y - a wand of charming (18)
 A - a wand of roots (11)
 C - a wand of light (12)
 E - a wand of flame (33)
 H - a wand of digging (9)
 M - a wand of mindburst (17)
Scrolls
 d - 3 scrolls of immolation
 o - 16 scrolls of teleportation
 r - 2 scrolls of identify
 s - 5 scrolls of amnesia
 t - 4 scrolls of blinking
 x - a scroll of silence
 J - 4 scrolls of fear
 R - 5 scrolls of magic mapping
 V - a scroll of acquirement
Potions
 e - 16 potions of curing
 l - 4 potions of mutation
 v - 2 potions of ambrosia
 w - 4 potions of flight
 z - 4 potions of might
 D - 5 potions of resistance
 F - 2 potions of invisibility
 G - 5 potions of heal wounds
 I - 6 potions of lignification
 N - a potion of berserk rage
 O - 2 potions of haste
 Q - 2 potions of magic
 S - a potion of brilliance
Miscellaneous
 i - a lightning rod (4/4)
 U - a tin of tremorstones (2/2)


   Skills:
 + Level 14.9 Fighting
 - Level 18.0 Axes
 - Level 11.6 Armour
 - Level 12.1 Dodging
 - Level 6.1 Shields
 - Level 11.8 Invocations
 + Level 3.7 Evocations


You had 9 spell levels left.
You knew the following spells:

 Your Spells              Type           Power      Damage    Failure   Level
a - Summon Mana Viper     Hex/Summ       0%         N/A       100%        5

Your spell library contained the following spells:

 Spells                   Type           Power      Damage    Failure   Level
 Apportation              Tloc           0%         N/A       99%         1
 Necrotise                Necr           0%         1d4       99%         1
 Summon Small Mammal      Summ           0%         N/A       99%         1
 Blink                    Tloc           0%         N/A       99%         2
 Ensorcelled Hibernation  Hex/Ice        0%         N/A       99%         2
 Passwall                 Tmut/Erth      0%         N/A       99%         2
 Poisonous Vapours        Pois/Air       0%         N/A       99%         2
 Gell's Gravitas          Tloc           0%         N/A       100%        3
 Portal Projectile        Hex/Tloc       0%         N/A       100%        3
 Swiftness                Air            0%         N/A       100%        3
 Teleport Other           Tloc           0%         N/A       100%        3
 Tukima's Dance           Hex            0%         N/A       100%        3
 Corpse Rot               Necr/Pois/Air  0%         N/A       100%        4
 Summon Ice Beast         Ice/Summ       0%         N/A       100%        4
 Alistair's Intoxication  Tmut/Pois      0%         N/A       100%        5
 Blade Hands              Tmut           0%         N/A       100%        5
 Manifold Assault         Tloc           0%         N/A       100%        5
 Dispersal                Tloc           0%         N/A       100%        6
 Monstrous Menagerie      Summ           0%         N/A       100%        7
 Storm Form               Tmut/Air       0%         N/A       100%        7
 Borgnjor's Revivificati  Necr           0%         N/A       100%        8
 Disjunction              Tloc           0%         N/A       100%        8
 Necromutation            Tmut/Necr      0%         N/A       100%        8
 Death's Door             Necr           0%         N/A       100%        9


Dungeon Overview and Level Annotations

Branches:
Dungeon (12/15)            Temple (0/1) D:7            Lair (6/6) D:10
 Shoals (0/4) Lair:4       Spider (0/4) Lair:3        Slime (0/5) Lair:5
    Orc (2/2) D:12        Ossuary (visited)          Bailey (visited)
    Elf: Orc:2

Altars:
Cheibriados
Fedhas
Gozag
Hepliaklqana
Kikubaaqudgha
Makhleb
Ru
Trog
Vehumet
Xom
Yredelemnul
The Shining One
Jiyva

Shops:
D:10 =   Orc:2 ?

Annotations:
D:12 2 runed translucent doors, exclusion: door
Orc:2 Nessos, Rupert


Innate Abilities, Weirdness & Mutations

Your life essence is reduced to manifest your ancestor. (-10% HP)
You have a pair of horns on your head.
You reflexively headbutt those who attack you in melee.


Message History

Rupert hits Eideard with a +1 vorpal great sword!
A magic dart appears from out of thin air!
The magic dart hits Eideard!
Eideard hits something with a +0 dagger of draining.
Rupert hits Eideard with a +1 vorpal great sword!!
Eideard hits something with a +0 dagger of draining!
Reactivating autopickup.
You feel a bit more experienced. The orc attacks as you move away!
The orc hits you but does no damage.
Rupert hits Eideard with a +1 vorpal great sword!!
Eideard is destroyed!
Rupert hits you but does no damage. The orc hits you but does no damage.
Rupert hits you but does no damage. The orc closely misses you.
Rupert closely misses you.
You're too confused to move!
Rupert hits you but does no damage. The orc hits you but does no damage.
Nessos the Markscentaur comes into view.
Rupert hits you with a +1 vorpal great sword!
The orc hits you but does no damage.
You miss Rupert. You headbutt Rupert.
Rupert is almost dead.
You hit the orc.
You kill the orc!
You feel less confused.
Nessos mumbles some strange words.
Nessos blinks!
Rupert hits you with a +1 vorpal great sword!!
An orc warrior comes into view.
It is wielding a +1 halberd of freezing.
Nessos stands on their hind legs for a moment.
Nessos wields a +3 longbow of flaming.
It bursts into flame!
Nessos shoots an arrow.
The arrow hits you.
Rupert hits you with a +1 vorpal great sword!!
* * * LOW HITPOINT WARNING * * *
x2 The orc warrior shouts!
You hit Rupert. Lightning courses through Rupert! You headbutt Rupert.
Rupert is almost dead.
Rupert hits you with a +1 vorpal great sword.
* * * LOW HITPOINT WARNING * * *
x2 Nessos shoots an arrow.
The arrow hits you!
You die...

.....#.......##.
.....#...o......
................
#...c..........
#####..............
##..#.......)..∩..#
#.................## ##
#.......$.).).....#
###.##.....#..@@........#...#
#........)..#................
.........)......[.......^....#
....#.[[.............#......$#
......).[.<).................#
......[[[.....................
#..............[.............#
................[...........#
...^...............[....#.###


You could see Rupert (berserk, drained), Nessos and an orc warrior.

Vanquished Creatures
  An orc warlord (Orc:2)
  A dire elephant (Lair:6)
  Snorg (D:10)
  Josephine (Lair:6)
  2 hydras (Lair:6)
  Fannar (D:10)
  Harold (D:10)
  2 boulder beetles (D:12)
  12 death yaks
  A tengu warrior (D:12)
  3 two-headed ogres
  The ghost of NoAnimeNoLife the Skirmisher, a novice GnHu of Ashenzari (D:7)
  A skeletal warrior (D:9)
  Amaemon (D:8)
  Pikel (D:5)
  A deep elf pyromancer (D:12)
  3 ugly things
  A cyclops (D:12)
  A manticore (D:11)
  19 elephants
  6 black mambas
  2 gargoyles (D:12)
  An unseen horror (D:10)
  17 cane toads
  An orange demon (D:8)
  2 rime drakes
  2 kobold demonologists (D:11)
  11 komodo dragons
  The ghost of HoaS the Shooter, a novice GrHu of Cheibriados (D:4)
  6 trolls
  2 polar bears (Lair:3)
  2 tyrant leeches
  2 hornets
  4 slime creatures (D:12)
  18 blink frogs
  3 culicivoras (Lair:3)
  A vampire (D:9)
  54 yaks
  11 wraiths
  4 wyverns
  3 vampire mosquitoes
  3 basilisks
  2 steam dragons
  2 wargs (Orc:2)
  Menkaure (D:7)
  An acid dragon (D:10)
  13 water moccasins
  23 orc warriors
  4 black bears
  6 ogres
  3 ice beasts (D:6)
  16 wolves (Lair:6)
  A phantom (D:6)
  4 centaurs
  A lemure (D:5)
  An elf zombie (Ossuary)
  5 kobold brigands
  20 bullfrogs
  A gnoll sergeant (D:9)
  2 scorpions
  A necrophage (D:7)
  A water moccasin zombie (D:4)
  4 wights (D:7)
  7 killer bees
  2 electric eels
  2 howler monkeys (D:10)
  3 centaur zombies (Ossuary)
  A bullfrog skeleton (D:4)
  3 hounds (D:5)
  8 orc priests
  A gnoll bouda (D:9)
  2 human zombies (Ossuary)
  2 iguanas
  11 orc wizards
  6 hell rats (Lair:3)
  A killer bee zombie (D:7)
  2 mummies (Ossuary)
  11 adders
  17 gnolls
  A howler monkey skeleton (D:4)
  A shadow imp (D:7)
  2 white imps (D:5)
  An adder zombie (Ossuary)
  3 worms
  2 dart slugs
  66 orcs
  8 ball pythons
  4 bats
  10 endoplasms
  4 giant cockroaches
  7 goblins
  10 hobgoblins
  4 jackals (D:1)
  25 kobolds
  7 frilled lizards
  3 goblin zombies (Ossuary)
  7 hobgoblin zombies (Ossuary)
  8 kobold zombies (Ossuary)
  10 orc zombies (Ossuary)
  A rat (D:3)
  A rat zombie (Ossuary)
  A bush (D:1)
588 creatures vanquished.

Vanquished Creatures (collateral kills)
  A hydra (Lair:6)
  An orc high priest (Bailey)
  A two-headed ogre (D:11)
  A death yak (Lair:4)
  3 elephants
  A black mamba (Lair:2)
  3 cane toads
  A komodo dragon (D:12)
  2 kobold demonologists
  2 polar bears
  A tyrant leech (Lair:6)
  A hornet (D:9)
  A slime creature (D:12)
  A wraith (D:9)
  A wyvern (D:10)
  7 yaks
  3 basilisks
  A steam dragon (D:10)
  2 vampire mosquitoes (Lair:6)
  2 water moccasins
  A sky beast (D:7)
  2 wolves (Lair:6)
  Blork the orc (D:5)
  2 bullfrogs (Lair:6)
  A wight (D:7)
  A killer bee (D:9)
  An electric eel (Lair:6)
  Crazy Yiuf (D:6)
  2 orc wizards
  A killer bee zombie (D:7)
  2 gnolls (D:9)
  An adder (D:5)
  5 orcs
  3 kobolds
60 creatures vanquished.

Vanquished Creatures (others)
  7 hexers
  46 fungi
  111 plants
164 creatures vanquished.

Grand Total: 812 creatures vanquished

Notes
Turn   | Place    | Note
-------+----------+-------------------------------------------
     0 | D:1      | wilfster70 the Minotaur Fighter began the quest for the
                  | Orb.
     0 | D:1      | Reached XP level 1. HP: 19/19 MP: 0/0
   296 | D:1      | Reached XP level 2. HP: 27/27 MP: 1/1
   413 | D:1      | Reached skill level 3 in Axes
   454 | D:1      | Identified a scroll of acquirement
   454 | D:1      | Acquired the ring of Matibag {rElec EV+4 Int-4 Dex+7}
  1037 | D:2      | Reached XP level 3. HP: 32/33 MP: 2/2
  1057 | D:2      | Found a faded altar of an unknown god.
  1386 | D:2      | Reached XP level 4. HP: 40/40 MP: 3/3
  1387 | D:2      | Reached skill level 4 in Axes
  1976 | D:3      | Reached XP level 5. HP: 44/47 MP: 4/4
  2119 | D:3      | Found a shimmering altar of Xom.
  2473 | D:3      | Found a bloodstained altar of Trog.
  2498 | D:3      | Reached skill level 5 in Axes
  2617 | D:3      | Reached XP level 6. HP: 51/55 MP: 5/5
  2629 | D:3      | Acquired the ring of Kamoiwy {rF+ rC+ Int+4}
  2822 | D:4      | Found a hazy altar of Hepliaklqana.
  2846 | D:4      | Found a transporter.
  2850 | D:4      | Found a transporter.
  2851 | D:4      | Noticed HoaS's ghost (novice GrHu)
  2866 | D:4      | Reached skill level 5 in Fighting
  2866 | D:4      | Reached skill level 5 in Armour
  2866 | D:4      | Reached skill level 5 in Shields
  2866 | D:4      | Killed HoaS's ghost
  2867 | D:4      | Reached skill level 6 in Axes
  2867 | D:4      | Reached XP level 7. HP: 37/61 MP: 6/6
  2999 | D:4      | Found an ancient bone altar of Kikubaaqudgha.
  3002 | D:4      | Became a worshipper of Hepliaklqana the Forgotten
  3184 | D:4      | Found a blossoming altar of Fedhas.
  3184 | D:4      | Found a snail-covered altar of Cheibriados.
  3293 | D:4      | Found a burning altar of Makhleb.
  3452 | D:4      | Found an opulent altar of Gozag.
  3619 | D:5      | Entered Level 5 of the Dungeon
  3629 | D:5      | Reached skill level 7 in Axes
  3817 | D:5      | Reached XP level 8. HP: 51/70 MP: 7/7
  3913 | D:5      | Noticed Pikel
  3925 | D:5      | Killed Pikel
  3926 | D:5      | Reached skill level 8 in Axes
  3956 | D:5      | Upgraded the game from 0.29-a0-834-g1e95ca9f62 to
                  | 0.29-a0-838-g385bb11a5b
  4113 | D:5      | Reached * piety under Hepliaklqana
  4160 | D:5      | Noticed Blork the orc
  4166 | D:5      | Killed Blork the orc
  4435 | D:6      | Reached skill level 9 in Axes
  4526 | D:6      | Reached skill level 1 in Invocations
  4898 | D:6      | Reached ** piety under Hepliaklqana
  4899 | D:6      | Remembered your ancestor Eideard as a hexer
  4915 | D:6      | Found a runed translucent door.
  4916 | D:6      | Noticed Crazy Yiuf
  4922 | D:6      | Killed Crazy Yiuf
  5056 | D:6      | Reached XP level 9. HP: 71/71 MP: 9/9
  5163 | D:6      | Reached skill level 10 in Axes
  5264 | D:6      | Found a glowing golden altar of the Shining One.
  5265 | D:6      | Found a sacrificial altar of Ru.
  5521 | D:6      | You fall into a shaft and drop 2 floors!
  5534 | D:8      | Noticed a two-headed ogre
  5544 | D:8      | Killed a two-headed ogre
  5545 | D:8      | Reached skill level 11 in Axes
  5605 | D:8      | Found a flagged portal.
  5607 | D:8      | Noticed an orange demon
  5607 | D:8      | Noticed Amaemon
  5614 | D:8      | Killed an orange demon
  5623 | D:8      | Killed Amaemon
  5624 | D:8      | Reached skill level 12 in Axes
  5624 | D:8      | Reached XP level 10. HP: 27/81 MP: 12/12
  5773 | Bailey   | Entered a bailey
  6074 | Bailey   | Noticed an orc high priest
  6079 | Bailey   | Noticed a smoke demon
  6084 | Bailey   | Killed an orc high priest
  6085 | Bailey   | Reached skill level 5 in Invocations
  6101 | Bailey   | Found an iron altar of Okawaru.
  6104 | Bailey   | Noticed an orange demon
  6111 | Bailey   | Noticed a smoke demon
  6112 | Bailey   | Reached skill level 13 in Axes
  6134 | Bailey   | Identified the +8 sling of Risukash {freeze, Dex+2}
  6226 | Bailey   | Reached skill level 10 in Fighting
  6233 | Bailey   | Reached *** piety under Hepliaklqana
  6353 | D:8      | Acquired a manual of Fire Magic
  6355 | D:8      | Acquired a +0 buckler of cold resistance
  6368 | D:8      | Acquired a +1 pair of boots of rampaging
  6481 | D:7      | Found a sand-covered staircase.
  6482 | D:7      | Noticed Menkaure
  6492 | Ossuary  | Entered an ossuary
  6733 | D:7      | Killed Menkaure
  6753 | D:7      | Found a staircase to the Ecumenical Temple.
  7034 | D:7      | Found a runed translucent gate.
  7034 | D:7      | Found a runed translucent gate.
  7034 | D:7      | Found a runed translucent gate.
  7034 | D:7      | Noticed NoAnimeNoLife's ghost (novice GnHu)
  7036 | D:7      | Found a basalt altar of Yredelemnul.
  7051 | D:7      | Killed NoAnimeNoLife's ghost
  7052 | D:7      | Reached skill level 14 in Axes
  7052 | D:7      | Reached XP level 11. HP: 86/90 MP: 14/14
  7870 | D:9      | Noticed a two-headed ogre
  7879 | D:9      | Killed a two-headed ogre
  7996 | D:9      | Noticed a skeletal warrior
  7996 | D:9      | Found the +5 scythe "Finisher" {speed, eviscerate}
  8008 | D:9      | Killed a skeletal warrior
  8009 | D:9      | Reached skill level 15 in Axes
  8104 | D:9      | Reached **** piety under Hepliaklqana
  8677 | D:10     | Entered Level 10 of the Dungeon
  8684 | D:10     | Found a radiant altar of Vehumet.
  8699 | D:10     | Identified the +1 leather armour of Parlour Games {rN+
                  | Int-5 Dex+3 Slay-5}
  8763 | D:10     | Found Dolleos's Jewellery Shoppe.
  8842 | D:10     | Reached skill level 16 in Axes
  8877 | D:10     | Noticed Fannar
  8888 | D:10     | Killed Fannar
  8906 | D:10     | Noticed Snorg
  8919 | D:10     | Killed Snorg
  9273 | D:10     | Noticed Harold
  9283 | D:10     | Killed Harold
  9284 | D:10     | Reached XP level 12. HP: 89/97 MP: 17/17
  9367 | D:10     | Found a staircase to the Lair.
  9628 | D:11     | Reached skill level 17 in Axes
  9752 | D:11     | Noticed a two-headed ogre
  9757 | D:11     | Killed a two-headed ogre
  9911 | D:11     | Noticed a two-headed ogre
  9916 | D:11     | Killed a two-headed ogre
 10430 | Lair:1   | Entered Level 1 of the Lair of Beasts
 10445 | Lair:1   | Reached skill level 18 in Axes
 10595 | D:10     | Bought a ring of poison resistance for 240 gold pieces
 10803 | Lair:1   | Reached skill level 10 in Invocations
 11472 | Lair:2   | Reached ***** piety under Hepliaklqana
 11963 | Lair:2   | Reached skill level 1 in Dodging
 12211 | Lair:3   | Reached XP level 13. HP: 82/103 MP: 20/20
 12411 | Lair:3   | Reached skill level 5 in Dodging
 12913 | Lair:3   | Found a hole to the Spider Nest.
 13278 | Lair:4   | Reached ****** piety under Hepliaklqana
 13327 | Lair:4   | Reached skill level 10 in Dodging
 13863 | Lair:4   | Found a staircase to the Shoals.
 14299 | Lair:5   | Found a viscous altar of Jiyva.
 14299 | Lair:5   | Found a staircase to the Slime Pits.
 14503 | Lair:5   | Reached XP level 14. HP: 98/111 MP: 21/21
 14589 | Lair:5   | Acquired a manual of Invocations
 14928 | Lair:6   | Entered Level 6 of the Lair of Beasts
 14946 | Lair:6   | Noticed Josephine
 14957 | Lair:6   | Killed Josephine
 15364 | Lair:6   | Reached skill level 10 in Armour
 15674 | Lair:6   | Acquired a manual of Shields
 16587 | D:12     | Reached skill level 1 in Evocations
 16614 | D:12     | Found a runed translucent door.
 16677 | D:12     | Found a runed translucent door.
 16836 | D:12     | Learned a level 5 spell: Summon Mana Viper
 16867 | D:12     | Reached XP level 15. HP: 120/125 MP: 22/22
 17109 | D:12     | Found a staircase to the Orcish Mines.
 17116 | Orc:1    | Entered Level 1 of the Orcish Mines
 17232 | Orc:2    | Entered Level 2 of the Orcish Mines
 17280 | Orc:2    | Found Oleaci's Magic Scroll Shop.
 17287 | Orc:2    | Noticed an orc warlord
 17377 | Orc:2    | Killed an orc warlord
 17444 | Orc:2    | Noticed Rupert
 17462 | Orc:2    | Noticed Nessos
 17464 | Orc:2    | Shot with an arrow by Nessos

Illustrated notes

Levels and vault maps discovered:
D:1:      lemuel_arrival_behind_the_door_large, layout_basic, minivault_24,
          dreamdust_wishing_well, moated_statue, minmay_hedge_maze
D:2:      layout_basic, dreamdust_ecumenical_altar_grove, eino_tiny_chamber,
          minmay_joined_circles
D:3:      layout_loops_ring, bloody_trog, mainiacjoe_overflow_tiny_flanked,
          minmay_fractal_squares_gapless_5
D:4:      layout_basic, bloody_makhleb, lemuel_crystal_altar,
          gammafunk_temple_overflow_pools, grunt_temple_overflow_open,
          gammafunk_ghost_mausoleum
D:5:      layout_cave_pools, minmay_misc_feat_x, uniq_blork_the_orc, uniq_pikel
D:6:      layout_basic, mainiacjoe_overflow_catch_the_wave,
          minmay_misc_feat_pillars, minivault_24, uniq_crazy_yiuf_cottage
D:7:      layout_rooms, nicolae_yredelemnul_ghost_church,
          minmay_temple_entry_ruins, chequers_ossuary_entry_cave,
          corexii_corridor_pit, uniq_menkaure
D:8:      layout_loops_cross, enter_bailey_5, uniq_amaemon
D:9:      layout_cave_pools, minmay_guarded_unrand_finisher
D:10:     layout_loops_ring, vehumet_crystals, erik_lair_dragon, serial_shops,
          shop, uniq_harold, uniq_snorg, uniq_fannar
D:11:     layout_loops_ring
D:12:     minmay_expanding_circles, layout_rooms, orc_0_dummy, chequers_garden
Lair:1:   layout_small_grid
Lair:2:   layout_gridlike
Lair:3:   layout_loops_ring, hellmonk_spider_entry_life_and_decay
Lair:4:   beast_lair_carwin_large_1, layout_layer_cave, elwin_shoals_entry_rooms
Lair:5:   layout_loops_ring, dpeg_slime_entry_enclosed,
          chequers_serial_rivers_micro_e, grunt_megastairs_4,
          infiniplex_staircase_pool
Lair:6:   minmay_lair_end_frog_pond, layout_layer_cave,
          grunt_forest_stairs_basic, chequers_serial_rivers_micro_d,
          grunt_forest_large_clearings, serial_bayou_shore_b, uniq_josephine
Orc:1:    layout_diamond_mine, uniq_jorgrun
Orc:2:    st_orc_open, layout_caves, basic_altar, serial_shops, shop,
          uniq_rupert, uniq_nessos

Skill      XL: |  1  2  3  4  5  6  7  8  9 10 11 12 13 14 15 |
---------------+----------------------------------------------+-----
Axes           | 3 4 5 6 7 9 12 14 16 18 | 18.0
Armour         | 4 5 6 7 11 | 11.6
Fighting       | 4 5 6 7 9 10 11 14 | 14.9
Shields        | 4 5 6 |  6.1
Invocations    | 1 4 6 8 11 | 11.8
Dodging        | 3 12 | 12.1
Evocations     | 2 3 |  3.7

Action                   |  1- 3 |  4- 6 |  7- 9 | 10-12 | 13-15 || total
-------------------------+-------+-------+-------+-------+-------++-------
Melee: War axe           |   124 |   107 |    52 |       |       ||   283
       Headbutt          |    22 |    17 |    25 |    81 |   150 ||   295
       Broad axe         |       |       |    90 |   438 |   599 ||  1127
       Demon whip        |       |       |       |       |     2 ||     2
Invok: Ancestor Life: He |       |       |     1 |       |       ||     1
       Recall Ancestor   |       |       |       |     1 |       ||     1
       Idealise          |       |       |       |       |     3 ||     3
Evoke: Wand              |       |       |       |       |     1 ||     1
  Use: Scroll            |     3 |     2 |    11 |    16 |    10 ||    42
       Potion            |       |     1 |       |       |     1 ||     2
 Stab: Confused          |       |       |     1 |    11 |     7 ||    19
       Distracted        |       |       |       |     6 |     9 ||    15
       Paralysed         |       |       |       |       |    11 ||    11
Armor: Plate armour      |    51 |    53 |    76 |   174 |   266 ||   620
Dodge: Dodged            |    30 |    61 |    97 |   114 |   207 ||   509
Block: Buckler           |    26 |    23 |    41 |    75 |    98 ||   263

Table legend: (Time is in decaauts)
 A = Elapsed time spent in this place.
 B = Non-inter-level travel time spent in this place.
 C = Inter-level travel time spent in this place.
 D = Time resting spent in this place.
 E = Time spent auto-exploring this place.
 F = Levels seen in this place.
 G = Mean time per level.
                   A        B        C        D        E       F      G
               +--------+--------+--------+--------+--------+-----+--------+
         Total |  17453 |  16613 |    840 |   2504 |   8078 |  22 |  793.3 |
       Dungeon |  10584 |  10023 |    561 |   1796 |   4730 |  12 |  882.0 |
          Lair |   5724 |   5455 |    269 |    420 |   3234 |   6 |  954.0 |
  Orcish Mines |    336 |    327 |      9 |     92 |     65 |   2 |  168.0 |
       Ossuary |    236 |    236 |      0 |     30 |     29 |   1 |  236.0 |
        Bailey |    572 |    572 |      0 |    166 |     20 |   1 |  572.0 |
               +--------+--------+--------+--------+--------+-----+--------+

Top non-repeatable levels by time:
    D:10: 1289 daAuts
  Lair:6: 1270 daAuts
  Lair:4: 1227 daAuts
     D:6: 1123 daAuts
     D:3: 996 daAuts
     D:8: 972 daAuts
     D:2: 967 daAuts
  Lair:5: 894 daAuts
     D:4: 874 daAuts
     D:1: 864 daAuts
     D:9: 859 daAuts
     D:5: 799 daAuts
  Lair:1: 797 daAuts
  Lair:3: 783 daAuts
    D:11: 762 daAuts
